 Dungeon Crawl Stone Soup version 0.24-a0-489-g1c7b743 (webtiles) character file.

Game seed: 17026403868828666241

20452 robbits the Dancer (level 13, 0/101 HPs)
             Began as a Formicid Fighter on July 12, 2019.
             Was an Initiate of Uskayaw.
             Slain by a seven-headed hydra (2 damage)
             ... on level 3 of the Lair of Beasts.
             The game lasted 00:26:50 (15526 turns).

robbits the Dancer (Formicid Fighter)              Turns: 15526, Time: 00:26:51

Health: 0/101      AC: 13    Str: 25    XL:     13   Next: 12%
Magic:  12/22      EV:  5    Int:  9    God:    Uskayaw [......]
Gold:   896        SH:  0    Dex: 10    Spells: 12/12 levels left

rFire    + + .     SeeInvis +   w - +4 battleaxe (freeze)
rCold    + . .     Gourm    .   c - +0 shield
rNeg     . . .     Faith    .   b - +0 scale mail
rPois    .         Spirit   .   (helmet unavailable)
rElec    .         Reflect  .   u - scarf {rC+ rF+}
rCorr    .         Harm     .   v - +1 pair of gloves
MR       +....                  y - +0 pair of boots
Stlth    ..........             (no amulet)
HPRegen  0.26/turn              B - ring of protection from fire
MPRegen  0.18/turn              o - +1 ring of protection

@: petrifying, very slow
A: permanent stasis, dig shafts and tunnels, four strong arms, antennae 3
a: Dig, Shaft Self, Renounce Religion


You were on level 3 of the Lair of Beasts.
You worshipped Uskayaw.
Uskayaw was pleased with you.
You were very hungry.

You visited 2 branches of the dungeon, and saw 14 of its levels.

You collected 956 gold pieces.
You spent 60 gold pieces at shops.

Inventory:

Hand Weapons
 a - a +1 war axe
 w - a +4 battleaxe of freezing (weapon)
Missiles
 r - 35 poisoned darts (quivered)
 E - 2 throwing nets
Armour
 b - a +0 scale mail (worn)
 c - a +0 shield (worn)
 j - the +1 chain mail "Qidutewn" {rElec rPois Str-3 SInv}
   (You took it off a big kobold on level 10 of the Dungeon)

   It affects your strength (-3).
   It insulates you from electricity.
   It protects you from poison.
   It lets you see invisible.
 u - a scarf of resistance (worn)
 v - a +1 pair of gloves (worn)
 y - a +0 pair of boots (worn)
Jewellery
 l - a +1 ring of evasion
 m - a +2 amulet of reflection
 n - an uncursed ring of wizardry
 o - a +1 ring of protection (right hand)
 B - a ring of protection from fire (left hand)
Wands
 s - a wand of clouds (3)
 A - a wand of disintegration (15)
 D - a wand of flame (11)
Scrolls
 g - a scroll of amnesia
 i - 2 scrolls of fear
 q - 2 scrolls of magic mapping
 z - a scroll of fog
 C - 3 scrolls of remove curse
 G - a scroll of identify
 H - a scroll of enchant armour
 J - 4 scrolls of holy word
Potions
 d - a potion of might
 e - 3 potions of agility
 h - 6 potions of curing
 k - a potion of invisibility
 p - a potion of cancellation
 t - 4 potions of flight
 x - 5 potions of brilliance
 F - a potion of magic
 I - a potion of mutation {unknown}
Comestibles
 f - 14 rations


   Skills:
 + Level 9.6 Fighting
 * Level 11.6 Axes
 * Level 10.7 Armour
 - Level 9.0 Shields
 + Level 12.0 Invocations


You had 12 spell levels left.
You didn't know any spells.
Your spell library contained the following spells:

 Spells                   Type           Power        Failure   Level  Hunger
 Corona                   Hex            #......      63%         1    ##.....
 Magic Dart               Conj           #...         63%         1    ##.....
 Sting                    Conj/Pois      #...         63%         1    ##.....
 Summon Butterflies       Summ           #.......     63%         1    ##.....
 Call Imp                 Summ           #.......     77%         2    ###....
 Ensorcelled Hibernation  Hex/Ice        #.....       77%         2    ###....
 Poisonous Vapours        Pois/Air       #.....       77%         2    ###....
 Searing Ray              Conj           #.....       77%         2    ###....
 Slow                     Hex            #.......     77%         2    ###....
 Call Canine Familiar     Summ           #.......     94%         3    ####...
 Confuse                  Hex            #.......     94%         3    ####...
 Conjure Flame            Conj/Fire      #.......     94%         3    ####...
 Dazzling Spray           Conj/Hex       #.....       94%         3    ####...
 Mephitic Cloud           Conj/Pois/Air  #.......     94%         3    ####...
 Tukima's Dance           Hex            #.......     94%         3    ####...
 Force Lance              Conj/Tloc      #.......     100%        4    #####..
 Fulminant Prism          Conj/Hex       #.........   100%        4    #####..
 Iskenderun's Mystic Bla  Conj           #.......     100%        4    #####..
 Olgreb's Toxic Radiance  Pois           #.......     100%        4    #####..
 Summon Ice Beast         Ice/Summ       #.......     100%        4    #####..
 Summon Mana Viper        Hex/Summ       #.......     100%        5    ######.
 Venom Bolt               Conj/Pois      #.........   100%        5    ######.
 Summon Hydra             Summ           #.........   100%        7    #######
 Blink                    Tloc           Unusable     N/A         2    N/A

Dungeon Overview and Level Annotations

Branches:
Dungeon (11/15)            Temple (0/1) D:4            Lair (3/6) D:10
 Shoals (0/4) Lair:3       Spider (0/4) Lair:2          Orc (0/2) D:10

Altars:
Cheibriados
Gozag
Okawaru
Qazlal
Sif Muna
Trog
Uskayaw
Vehumet
Xom
The Shining One

Shops:
D:4 =(%

Annotations:
Lair:1 2 transporters


Innate Abilities, Weirdness & Mutations

You cannot be hasted, slowed, berserked, paralysed or teleported.
You can dig through walls and to a lower floor.
Your four strong arms can wield two-handed weapons with a shield.
You have a pair of large antennae on your head. (SInv)


Message History

You block the seven-headed hydra's attack.
The seven-headed hydra barely misses you.
Okay, then.
Evoke which item? (* to show all) (? for menu, Esc to quit)
Aiming: Cloud Cone
Press: ? - help, Dir - move target cursor, f/p - seven-headed hydra
Aim: a seven-headed hydra (noxious fumes, severely wounded)
You create a blast of freezing vapour!
The basilisk gazes at you.
You are slowing down.
The seven-headed hydra bites you.
* * * LOW HITPOINT WARNING * * *
The seven-headed hydra bites you.
The seven-headed hydra bites you but does no damage. x2
The seven-headed hydra bites you!
* * * LOW HITPOINT WARNING * * *
The seven-headed hydra bites you!
* * * LOW HITPOINT WARNING * * *
The seven-headed hydra bites you.
You die...

..... #.... #.... {
#.... #....## #../.##
#..Y.## # #@..# ###
##D#...# {###..
#§§###...l ###....
##§§###### ##P....#
#§#.#.#####....... .
##......#.#P.....##
...#.........#....###
...........<.##....#
........##.##...####


You could see a seven-headed hydra, an elephant and a basilisk.

Vanquished Creatures
  A hydra (Lair:2)
  A catoblepas (Lair:2)
  A tengu warrior (D:9)
  A wolf spider (Lair:2)
  Maurice (D:9)
  A black mamba (Lair:1)
  2 spiny frogs
  A komodo dragon (Lair:1)
  A rime drake (Lair:3)
  A tengu conjurer (D:9)
  2 trolls
  4 polar bears (Lair:2)
  8 blink frogs (Lair:2)
  2 hippogriffs
  2 wyverns
  Grum (D:8)
  A spriggan (D:8)
  31 yaks
  3 hungry ghosts
  2 basilisks (Lair:3)
  A soldier ant (D:10)
  2 water moccasins
  Duvessa (D:7)
  2 porcupines (Lair:1)
  2 ice beasts
  3 sky beasts
  5 orc warriors
  7 black bears
  A phantom (D:10)
  4 ogres
  7 centaurs
  8 wolves
  5 crocodiles
  4 big kobolds
  3 gnoll sergeants
  8 bullfrogs
  A wyvern zombie (D:11)
  Dowan (D:7)
  7 scorpions
  17 wights
  An electric eel (Lair:1)
  6 crimson imps
  5 hounds
  A centaur skeleton (D:7)
  3 orc priests
  A gnoll shaman (D:8)
  A bullfrog skeleton (D:5)
  7 worker ants
  2 iguanas
  3 orc wizards
  A killer bee zombie (D:7)
  2 howler monkey skeletons (D:4)
  8 adders
  17 gnolls
  3 shadow imps
  4 adder skeletons
  4 worms
  A dart slug (D:4)
  7 leopard geckos
  29 orcs
  6 giant cockroaches
  6 hobgoblins
  2 jackals (D:1)
  6 quokkas
  2 ball pythons
  6 bats
  7 frilled lizards
  A giant cockroach zombie (D:6)
  15 goblins
  7 kobolds
  A leopard gecko skeleton (D:4)
  6 rats
  5 fungi
  2 plants (Lair:3)
334 creatures vanquished.

Vanquished Creatures (others)
  4 fungi
  3 plants
7 creatures vanquished.

Grand Total: 341 creatures vanquished

Notes
Turn   | Place    | Note
-------+----------+-------------------------------------------
     0 | D:1      | robbits the Formicid Fighter began the quest for the Orb.
     0 | D:1      | Reached XP level 1. HP: 18/18 MP: 1/1
    45 | D:1      | Reached XP level 2. HP: 13/24 MP: 2/2
   376 | D:1      | Reached XP level 3. HP: 27/29 MP: 3/3
   672 | D:2      | Found a shimmering altar of Xom.
   809 | D:2      | Reached XP level 4. HP: 28/37 MP: 4/4
  1470 | D:3      | Found a faded altar of an unknown god.
  1673 | D:3      | Noticed a +0 dagger
  1673 | D:3      | Noticed a +0 dagger
  1674 | D:3      | Found a hide-covered altar of Uskayaw.
  1694 | D:3      | Became a worshipper of Uskayaw the Reveler
  1864 | D:3      | Found a shimmering altar of Xom.
  1864 | D:3      | Found a shimmering altar of Xom.
  1866 | D:3      | Found a shimmering altar of Xom.
  1866 | D:3      | Found a shimmering altar of Xom.
  1969 | D:3      | Reached * piety under Uskayaw
  2004 | D:3      | Reached XP level 5. HP: 42/42 MP: 5/5
  2042 | D:3      | Found a stormy altar of Qazlal.
  2042 | D:3      | Found an opulent altar of Gozag.
  2170 | D:4      | Reached ** piety under Uskayaw
  2172 | D:4      | Reached *** piety under Uskayaw
  2173 | D:4      | Reached skill level 1 in Invocations
  2174 | D:4      | Reached skill level 5 in Shields
  2174 | D:4      | Reached **** piety under Uskayaw
  2176 | D:4      | Reached ***** piety under Uskayaw
  2216 | D:4      | Found Baruash's Food Shoppe.
  2219 | D:4      | Found a staircase to the Ecumenical Temple.
  2240 | D:4      | Found Qounumi's Antique Weapon Boutique.
  2261 | D:4      | Reached XP level 6. HP: 48/48 MP: 7/7
  2271 | D:4      | Reached skill level 2 in Invocations
  2436 | D:4      | Found Ohulul's Jewellery Emporium.
  2440 | D:4      | Bought a cursed -2 ring of strength for 20 gold pieces
  2440 | D:4      | Bought a cursed -3 ring of intelligence for 20 gold pieces
  2440 | D:4      | Bought a cursed amulet of inaccuracy for 20 gold pieces
  2604 | D:5      | Entered Level 5 of the Dungeon
  2611 | D:5      | Reached XP level 7. HP: 49/54 MP: 7/9
  2713 | D:5      | Found a snail-covered altar of Cheibriados.
  2730 | D:5      | Reached skill level 3 in Invocations
  2843 | D:5      | Found a bloodstained altar of Trog.
  2898 | D:5      | Reached XP level 8. HP: 35/61 MP: 10/10
  3047 | D:5      | Reached skill level 5 in Axes
  3047 | D:5      | Reached skill level 4 in Invocations
  3512 | D:5      | Found an iron altar of Okawaru.
  3975 | D:6      | Reached skill level 5 in Fighting
  3975 | D:6      | Reached skill level 5 in Armour
  4160 | D:6      | Reached skill level 5 in Invocations
  4178 | D:6      | Reached ****** piety under Uskayaw
  4291 | D:6      | Found a radiant altar of Vehumet.
  4599 | D:6      | Reached XP level 9. HP: 60/68 MP: 9/13
  4862 | D:7      | Noticed a hippogriff
  4872 | D:7      | Killed a hippogriff
  4886 | D:7      | Reached skill level 6 in Invocations
  5034 | D:7      | Noticed Duvessa
  5034 | D:7      | Noticed Dowan
  5055 | D:7      | Killed Duvessa
  5061 | D:7      | Killed Dowan
  5372 | D:7      | Found a glowing golden altar of the Shining One.
  5893 | D:8      | Reached skill level 7 in Invocations
  6227 | D:8      | Noticed Grum
  6228 | D:8      | Noticed a hippogriff
  6239 | D:8      | Reached XP level 10. HP: 32/76 MP: 5/15
  6671 | D:8      | Killed Grum
  6671 | D:8      | Reached skill level 8 in Invocations
  7207 | D:8      | You fall into a shaft and drop 3 floors!
  7506 | D:10     | Entered Level 10 of the Dungeon
  7529 | D:10     | Reached skill level 9 in Invocations
  7549 | D:10     | Reached XP level 11. HP: 21/84 MP: 1/18
  7561 | D:10     | HP: 4/84 [yak (2)]
  8324 | D:10     | Reached skill level 10 in Invocations
  9177 | D:10     | Identified the +1 chain mail "Qidutewn" {rElec rPois Str-3
                  | SInv}
  9345 | D:9      | Noticed a tengu warrior
  9346 | D:9      | Noticed Maurice
  9699 | D:9      | Killed a tengu warrior
  9748 | D:9      | Killed Maurice
  9927 | D:9      | Found a deep blue altar of Sif Muna.
 10062 | D:8      | Reached skill level 10 in Axes
 10062 | D:8      | Reached skill level 11 in Invocations
 10927 | D:10     | Found a staircase to the Lair.
 10958 | D:10     | Found a staircase to the Orcish Mines.
 11110 | Lair:1   | Entered Level 1 of the Lair of Beasts
 11465 | D:11     | Noticed a skeletal warrior
 12008 | Lair:1   | Reached XP level 12. HP: 92/94 MP: 20/20
 12096 | Lair:1   | Found a transporter.
 12559 | Lair:1   | Found a transporter.
 12755 | Lair:2   | Noticed a catoblepas
 12768 | Lair:2   | Killed a catoblepas
 13179 | Lair:2   | Found a hole to the Spider Nest.
 13919 | Lair:2   | Noticed a seven-headed hydra
 13932 | Lair:2   | Killed a seven-headed hydra
 14219 | Lair:2   | Reached skill level 10 in Armour
 14913 | Lair:3   | Reached XP level 13. HP: 72/101 MP: 21/21
 15043 | Lair:3   | Reached skill level 12 in Invocations
 15146 | Lair:3   | Found a staircase to the Shoals.
 15519 | Lair:3   | Noticed a six-headed hydra
 15526 | Lair:3   | HP: 2/101 [seven-headed hydra (6)]
 15526 | Lair:3   | Slain by a seven-headed hydra

Levels and vault maps discovered:
D:1:      ebering_hopf_link, layout_rooms
D:2:      layout_basic, lemuel_round_altar, st_stairs_4
D:3:      layout_loops_ring, dancing_weapons_uskayaw,
          amethyst_overflow_temple_binary, chequers_ecumenical_altar_simple,
          xom_redecorated
D:4:      layout_rooms, minmay_temple_entry_offerings, serial_shops,
          nicolae_shop_behind_doors, shop, shop
D:5:      layout_gridville, kennysheep_mini, marbit_many_paths, first_ration,
          okawaru_altar_gauntlet_db
D:6:      layout_basic, lemuel_round_altar
D:7:      layout_basic, tso_oasis_becter, uniq_duvessa
D:8:      layout_basic, grunt_pizzeria, uniq_grum
D:9:      layout_basic, lemuel_blue_sif_altar, uniq_maurice
D:10:     layout_rooms, grunt_lair_entry_orc_guard_hut,
          kennysheep_orc_monster_closet_entryway, serial_curves, eino_curves_02,
          eino_curves_02, minmay_misc_feat_encased
D:11:     layout_loops_ring, eino_small_chamber_without_monster,
          hangedman_abyss_or_decor_stabs
Lair:1:   gammafunk_cloud_chamber, layout_regular_city, grunt_megastairs_3,
          serial_bayou_shore_a
Lair:2:   beast_lair_carwin_large_3, layout_loops_ring, spider_nest_entry_rubble
Lair:3:   layout_concentric_octagons, minmay_shoals_entry_centaurs,
          nzn_random_ring, lemuel_fruit_fields

Skill      XL: |  1  2  3  4  5  6  7  8  9 10 11 12 13 |
---------------+----------------------------------------+-----
Shields        | 4 5 6 7 8 9 |  9.0
Axes           | 3 4 5 7 8 10 11 | 11.6
Invocations    | 1 2 3 5 7 9 11 12 | 12.0
Fighting       | 4 5 6 7 8 9 |  9.6
Armour         | 4 5 6 7 8 10 | 10.7

Action                   |  1- 3 |  4- 6 |  7- 9 | 10-12 | 13-15 || total
-------------------------+-------+-------+-------+-------+-------++-------
Melee: War axe           |   142 |   170 |   319 |   257 |       ||   888
       Battleaxe         |       |       |       |   311 |    52 ||   363
Invok: Line Pass         |       |       |     5 |     5 |     1 ||    11
       Stomp             |       |       |     1 |     2 |     2 ||     5
       Grand Finale      |       |       |       |     1 |       ||     1
 Abil: Dig               |       |       |     5 |       |       ||     5
Evoke: Wand              |       |       |       |     9 |     2 ||    11
  Use: Scroll            |       |     7 |     9 |     9 |       ||    25
       Potion            |       |       |     1 |     6 |       ||     7
 Stab: Paralysed         |       |     6 |    23 |    58 |     5 ||    92
       Confused          |       |       |     1 |     2 |       ||     3
  Eat: Chunk             |       |     6 |    10 |    16 |     1 ||    33
       Ration            |       |       |     1 |     7 |       ||     8
Armor: Scale mail        |    74 |    72 |   159 |   205 |    32 ||   542
       Skin              |       |       |       |    11 |       ||    11
Dodge: Dodged            |    49 |    56 |   150 |   242 |    25 ||   522
Block: Shield            |   104 |   115 |   237 |   376 |    33 ||   865

Table legend:
 A = Non-vault XP
 B = Vault XP
 C = Vault XP percentage of total XP
 D = Non-vault monster count
 E = Vault monster count
 F = Vault count percentage of total count
                 A         B        C        D         E       F
            +---------+---------+-------+---------+---------+-------
      Total |   21239 |    7979 |  27.3 |     265 |      62 |  19.0
            +---------+---------+-------+---------+---------+-------
        D:1 |      48 |       0 |   0.0 |      31 |       0 |   0.0
        D:2 |      54 |      15 |  21.7 |      19 |       2 |   9.5
        D:3 |      23 |       0 |   0.0 |      11 |       0 |   0.0
        D:4 |     307 |       0 |   0.0 |      22 |       0 |   0.0
        D:5 |     936 |      71 |   7.1 |      19 |       7 |  26.9
        D:6 |     606 |       0 |   0.0 |      20 |       0 |   0.0
        D:7 |     940 |     226 |  19.4 |      19 |       2 |   9.5
        D:8 |    1696 |     869 |  33.9 |      33 |       6 |  15.4
        D:9 |    1869 |    1127 |  37.6 |       8 |       5 |  38.5
       D:10 |    3615 |    1358 |  27.3 |      27 |      21 |  43.8
       D:11 |     728 |       0 |   0.0 |      10 |       0 |   0.0
     Lair:1 |    2289 |     825 |  26.5 |      13 |       2 |  13.3
     Lair:2 |    6464 |    2479 |  27.7 |      23 |      11 |  32.4
     Lair:3 |    1664 |    1009 |  37.7 |      10 |       6 |  37.5
            +---------+---------+-------+---------+---------+-------
